 Dungeon Crawl Stone Soup version 0.31-a0-609-g7bf6ffcfed (webtiles) character file.

Game seed: 11093093542137023414

182 Aj7335 the Chopper (level 5, -1/47 HPs)
             Began as a Minotaur Berserker on Aug 17, 2023.
             Was a Believer of Trog.
             Slain by an orc wizard
             ... wielding a +0 dagger
              (3 damage)
             ... on level 3 of the Dungeon on Aug 21, 2023.
             The game lasted 00:08:27 (3270 turns).

Aj7335 the Chopper (Minotaur Berserker)             Turns: 3270, Time: 00:08:27

Health: -1/47      AC:  9    Str: 21    XL:     5   Next: 34%
Magic:  0/4        EV:  8    Int:  4    God:    Trog [**....]
Gold:   114        SH:  0    Dex: 12    Spells: 4/4 levels left

rFire   . . .        a - +0 hand axe
rCold   . . .        s - +0 buckler
rNeg    . . .        p - +0 chain mail
rPois   .            (helmet restricted)
rElec   .            (no cloak)
rCorr   .            (no gloves)
SInv    .            (no boots)
Will    .....        b - amulet of guardian spirit Stlth
                     (no ring)
HPRegen 0.27/turn    (no ring)
MPRegen 0.09/turn

%: guardian spirit
@: confused, on berserk cooldown, slowed, very slow
A: horns 2, retaliatory headbutt
a: Renounce Religion, Berserk, Trog's Hand


You were on level 3 of the Dungeon.
You worshipped Trog.
Trog was pleased with you.
You visited 1 branch of the dungeon, and saw 3 of its levels.

You collected 114 gold pieces.

Inventory:

Hand Weapons
 a - a +0 hand axe (weapon)
Armour
 d - a +0 ring mail
 p - a +0 chain mail (worn)
 s - a +0 buckler (worn)
Jewellery
 b - an amulet of guardian spirit (around neck)
Scrolls
 i - a scroll of poison
 k - a scroll of silence {unknown}
 l - 3 scrolls of identify {unknown}
 m - a scroll of fog {unknown}
 o - a scroll of vulnerability {unknown}
 q - a scroll of fear {unknown}
Potions
 c - 2 potions of ambrosia {unknown}
 f - a potion of degeneration {unknown}
 g - a potion of resistance {unknown}
 h - a potion of lignification {unknown}
 j - a potion of curing {unknown}
 n - a potion of invisibility {unknown}
 r - 2 potions of attraction {unknown}


   Skills:
 + Level 4.6 Fighting
 + Level 5.1 Axes
 + Level 4.5 Armour
 + Level 2.6 Dodging
 + Level 0.1 Stealth
 + Level 0.1 Shields


You had 4 spell levels left.
You didn't know any spells.
Your spell library was empty.

Dungeon Overview and Level Annotations

Branches:
Dungeon (3/15)

Altars:


Innate Abilities, Weirdness & Mutations

You have a pair of horns on your head.
You reflexively headbutt those who attack you in melee.


Message History

You hit the orc.
You kill the orc!
Trog accepts your kill.
You miss something.
Something hits you but does no damage. x2
You hear some strange, mumbled words.
A puff of flame appears from out of thin air!
The puff of flame hits you!
* * * LOW HITPOINT WARNING * * *
You miss something. Something hits you.
* * * LOW HITPOINT WARNING * * *
A red film seems to cover your vision as you go berserk!
You feel yourself moving faster!
You feel mighty! Something hits you but does no damage.
You miss something.
You hear some strange, mumbled words.
A magic dart appears from out of thin air!
The magic dart hits you.
* * * LOW HITPOINT WARNING * * *
You miss something. Your headbutt misses something. You barely miss something.
You hear some strange, mumbled words.
You are confused.
Unknown command.
You barely miss something. You miss something. Something hits you.
* * * LOW HITPOINT WARNING * * *
Okay, then.
You closely miss something. Your headbutt misses something.
Something hits you but does no damage.
You're too confused to move!
You hear some strange, mumbled words.
You are more confused.
You bump into the rock wall.
You feel a strong urge to attack something.
You are no longer berserk.
You are exhausted.
You feel yourself slow down. Something hits you.
* * * LOW HITPOINT WARNING * * *
You bump into the rock wall.
Something hits you.
You die...

#.......)......).#####.
###########..)..##
#.......# #....#..#
#....#..# #..###).#
#.....).# #.####.{#
#......@# ###.........#
#.##.####.# #. #.# .
... . #... #.. #..


There were no monsters in sight!

Vanquished Creatures
  An orc priest (D:3)
  A sleepcap (D:3)
  An orc wizard (D:3)
  A gnoll (D:1)
  2 adders (D:2)
  2 worms (D:2)
  7 orcs (D:3)
  6 endoplasms
  2 giant cockroaches
  3 goblins
  7 hobgoblins
  2 jackals (D:2)
  2 quokkas
  7 ball pythons
  6 bats
  6 frilled lizards
  4 kobolds
  A rat (D:2)
61 creatures vanquished.

Notes
Turn   | Place    | Note
-------+----------+-------------------------------------------
     0 | D:1      | Aj7335 the Minotaur Berserker began the quest for the Orb.
     0 | D:1      | Reached XP level 1. HP: 19/19 MP: 0/0
     0 | D:1      | Upgraded the game from 0.31-a0-564-g3b7de120b3 to
                  | 0.31-a0-574-g69dc8cc98e
   181 | D:1      | Reached skill level 4 in Axes
   181 | D:1      | Reached XP level 2. HP: 27/27 MP: 1/1
   390 | D:1      | Reached XP level 3. HP: 24/33 MP: 2/2
   391 | D:1      | Reached ** piety under Trog
   523 | D:1      | Upgraded the game from 0.31-a0-574-g69dc8cc98e to
                  | 0.31-a0-609-g7bf6ffcfed
  1582 | D:2      | Reached XP level 4. HP: 40/41 MP: 3/3
  2833 | D:3      | Reached skill level 5 in Axes
  2833 | D:3      | Reached XP level 5. HP: 47/47 MP: 4/4
  3269 | D:3      | HP: 2/47 [something (1)]
  3270 | D:3      | Slain by an orc wizard

Illustrated notes

Levels and vault maps discovered:
D:1:      eino_arrival_tree_alley, layout_rooms, kennysheep_nondescript,
          chequers_big_river, chequers_serial_rivers_micro_d
D:2:      layout_loops_ring
D:3:      layout_loops_corners, lemuel_tele_altar, uniq_jessica

Skill      XL: |  1  2  3  4 |
---------------+-------------+-----
Axes           | 4 5 |  5.1
Fighting       | 4 |  4.6
Armour         | 3 4 |  4.5
Dodging        | |  2.6
Stealth        | |  0.1
Shields        | |  0.1

Action                     |  1- 3 |  4- 6 || total
---------------------------+-------+-------++-------
  Melee: Hand axe          |    86 |    67 ||   153
         Headbutt          |    10 |     9 ||    19
         Punch             |     1 |       ||     1
 Invoke: Berserk           |       |     3 ||     3
    Use: Scroll            |     2 |     1 ||     3
 Armour: Ring mail         |    22 |       ||    22
         Chain mail        |     6 |    46 ||    52
  Dodge: Dodged            |    52 |    28 ||    80
  Block: Buckler           |       |     7 ||     7

Table legend: (Time is in decaauts)
 A = Elapsed time spent in this place.
 B = Non-inter-level travel time spent in this place.
 C = Inter-level travel time spent in this place.
 D = Time resting spent in this place.
 E = Time spent auto-exploring this place.
 F = Levels seen in this place.
 G = Mean time per level.
                   A        B        C        D        E       F      G
               +--------+--------+--------+--------+--------+-----+--------+
         Total |   3313 |   3114 |    199 |    936 |   1639 |   3 | 1104.3 |
       Dungeon |   3313 |   3114 |    199 |    936 |   1639 |   3 | 1104.3 |
               +--------+--------+--------+--------+--------+-----+--------+

Top non-repeatable levels by time:
     D:3: 1374 daAuts
     D:1: 1057 daAuts
     D:2: 882 daAuts
